 Dungeon Crawl Stone Soup version 0.16-b1 (webtiles) character file.

81 McCoppin the Sneak (level 4, -5/26 HPs)
             Began as a Kobold Assassin on Mar 9, 2015.
             Was a Follower of Cheibriados.
             Killed by divine providence
             ... invoked by an orc priest
              (15 damage)
             ... on level 3 of the Dungeon.
             The game lasted 00:13:28 (2535 turns).

McCoppin the Sneak (Kobold Assassin)                Turns: 2535, Time: 00:13:28

Health: -5/26      AC:  3    Str: 12    XL:     4   Next: 67%
Magic:  4/4        EV: 14    Int: 12    God:    Cheibriados [*.....]
Gold:   73         SH:  0    Dex: 21    Spells: 0 memorised, 3 levels left

rFire  . . .     SeeInvis .     a - +2 dagger
rCold  . . .     Clarity  .     c - +0 robe
rNeg   . . .     SustAb   .     (no shield)
rPois  .         Gourm    .     (no helmet)
rElec  .         Spirit   .     d - +0 cloak
rCorr  .         Warding  .     (no gloves)
rMut   .         Stasis   .     (no boots)
MR     .....                    (no amulet)
Stlth  ++++......               (no ring)
                                (no ring)

@: drained, very slow, not resistant to hostile enchantments, stealthy
A: carnivore 3
a: Bend Time, Renounce Religion


You were on level 3 of the Dungeon.
You worshipped Cheibriados.
Cheibriados was aware of your devotion.
You were full.

You visited 1 branch of the dungeon, and saw 3 of its levels.

You collected 73 gold pieces.

Inventory:

Hand weapons
 a - a +2 dagger (weapon)
 b - a +0 blowgun
Missiles
 e - 4 poisoned needles
 f - 2 curare-tipped needles
 m - 5 poisoned tomahawks (quivered)
Armour
 c - a +0 robe (worn)
 d - a +0 cloak (worn)
 n - a cursed +0 pair of boots
Scrolls
 h - a scroll of amnesia {unknown}
 i - 2 scrolls of identify
 j - a scroll of magic mapping
 k - a scroll of recharging
 p - a scroll of remove curse
Potions
 l - a potion of resistance {unknown}
Comestibles
 g - 2 meat rations


   Skills:
 - Level 2.1(1.9) Fighting
 - Level 5.0(4.7) Short Blades
 + Level 4.2(3.9) Throwing
 - Level 1.2(0.9) Dodging
 - Level 5.3(5.0) Stealth


You had 3 spell levels left.
You didn't know any spells.

Dungeon Overview and Level Annotations

Branches:
Dungeon (3/15)

Altars:
Cheibriados
Ru


Innate Abilities, Weirdness & Mutations

You are small and have problems with some larger weapons.
You are carnivorous and can eat meat at any time.


Message History

The orc priest barely misses you.
The orc priest calls down the wrath of Beogh upon you.
You barely resist. The orc hits you.
You hit the orc priest.
The orc priest is moderately wounded.
The orc priest hits you with a short sword of draining.
You feel drained. The orc closely misses you.
You hit the orc priest.
The orc priest is heavily wounded.
The orc priest calls down the wrath of Beogh upon you.
Pain shoots through your body! The orc misses you.
Drink which item? (? for menu, Esc to quit)
Okay, then.
You hit the orc.
The orc is heavily wounded.
The orc priest invokes the aid of Beogh against you.
Something smites you!
Ouch! That really hurt!
You die...

#.####...##.# #.# ##
#....>..###.# #.#. ..
#.######..###..###.###.#.###
#...........#..........#.#
#..######.#.#..###.#####.#
#..........# #.#
###.#..##### #.# #.#..# #.#
#@#.†#########.###
#########o#........>..#...
.o.......o#.##########.###
....((.####. #.# ##### #.
#.# #. #.# #. #.# .. #.# #
#.#


You could see an orc priest and an orc.

Vanquished Creatures
  An adder (D:2)
  A giant mite (D:2)
  2 worms (D:2)
  2 giant geckos (D:1)
  An orc (D:3)
  3 ball pythons
  8 bats
  2 giant cockroaches
  4 goblins
  6 hobgoblins
  3 jackals (D:1)
  6 kobolds
  4 giant newts
  6 rats
49 creatures vanquished.

Notes
Turn   | Place    | Note
--------------------------------------------------------------
     0 | D:1      | McCoppin, the Kobold Assassin, began the quest for the Orb.
     0 | D:1      | Reached XP level 1. HP: 12/12 MP: 1/1
     1 | D:1      | Noticed a merfolk skeleton
     3 | D:1      | Noticed a vine stalker skeleton
     6 | D:1      | Noticed a vine stalker skeleton
    12 | D:1      | Noticed a draconian skeleton
    13 | D:1      | Noticed a centaur skeleton
    14 | D:1      | Noticed a troll skeleton
    16 | D:1      | Noticed a minotaur skeleton
    16 | D:1      | Noticed a draconian skeleton
    18 | D:1      | Noticed a centaur skeleton
   151 | D:1      | Reached XP level 2. HP: 17/17 MP: 2/2
   705 | D:1      | Reached XP level 3. HP: 21/21 MP: 3/3
  1200 | D:2      | Found a snail-covered altar of Cheibriados.
  1278 | D:2      | Became a worshipper of Cheibriados the Contemplative
  1287 | D:2      | Reached skill level 5 in Short Blades
  1570 | D:2      | Reached XP level 4. HP: 26/26 MP: 4/4
  1877 | D:2      | Found a sacrificial altar of Ru.
  1932 | D:2      | Acquired Cheibriados' first power
  2535 | D:3      | Killed from afar by an orc priest

Action                   |  1- 3 |  4- 6 || total
-------------------------+-------+-------++-------
Melee: Dagger            |    70 |    18 ||    88
 Fire: Blowgun           |    20 |    27 ||    47
  Use: Scroll            |       |     3 ||     3
 Stab: Sleeping          |    12 |    15 ||    27
       Distracted        |       |     1 ||     1
  Eat: Chunk             |     9 |     1 ||    10
